| TOP OF THE 1ST |
|
Northwest Arkansas Naturals batting - Pitching for New Hampshire Fisher Cats : RHP Hanskarl Miller
|
|
Pitching: RHP Hanskarl Miller
|
|
|
Batting: SHB Ryoji Hiraoka
|
0-0: SINGLE (Line Drive, 4MD, EV 100.0 MPH)
|
|
Batting: RHB Chad Sullivan
|
0-0: Called Strike 0-1: Ball 1-1: Ball 2-1: Ball 3-1: Called Strike 3-2: Strikes out swinging Ryoji Hiraoka is caught stealing 2nd base 2-4 Batter strikes out.
|
|
Batting: RHB Alex Cid
|
0-0: Ball 1-0: Foul Ball, location: 2F 1-1: Called Strike 1-2: Strikes out swinging, 2-3 out at first.
|
| Top of the 1st over - 0 runs, 1 hit, 0 errors, 0 left on base; Northwest Arkansas 0 - New Hampshire 0 |
| BOTTOM OF THE 1ST |
|
New Hampshire Fisher Cats batting - Pitching for Northwest Arkansas Naturals : RHP Kevin Fleming
|
|
Pitching: RHP Kevin Fleming
|
|
|
Batting: RHB Kai Stoyle
|
0-0: Called Strike 0-1: Foul Ball, location: 2F 0-2: Ground out 5-3 (Groundball, 56S, EV 83.8 MPH)
|
|
Batting: RHB Stephen Casteel
|
0-0: Called Strike 0-1: Ball 1-1: Ground out 2-3 (Groundball, 15S, EV 66.2 MPH)
|
|
Batting: RHB Bill Murray
|
0-0: Ball 1-0: Ball 2-0: Ball 3-0: Called Strike 3-1: Base on Balls
|
|
Batting: RHB Tokuji Kawabata
|
0-0: Ball 1-0: Ball Bill Murray is caught stealing 2nd base 2-4
|
| Bottom of the 1st over - 0 runs, 0 hits, 0 errors, 0 left on base; Northwest Arkansas 0 - New Hampshire 0 |
| TOP OF THE 2ND |
|
Northwest Arkansas Naturals batting - Pitching for New Hampshire Fisher Cats : RHP Hanskarl Miller
|
|
Batting: RHB Andy Urquhart
|
0-0: Swinging Strike 0-1: Swinging Strike 0-2: Ball 1-2: Ball 2-2: Strikes out swinging
|
|
Batting: RHB William Lung
|
0-0: Swinging Strike 0-1: Ball 1-1: Ball 2-1: Ball 3-1: Foul Ball, location: 2F 3-2: Base on Balls
|
|
Batting: LHB Joe Cozart
|
0-0: Called Strike 0-1: Called Strike 0-2: Strikes out looking
|
|
Batting: RHB Eric Erickson
|
0-0: Swinging Strike 0-1: Ground out 4-3 (Groundball, 4, EV 85.0 MPH)
|
| Top of the 2nd over - 0 runs, 0 hits, 0 errors, 1 left on base; Northwest Arkansas 0 - New Hampshire 0 |
| BOTTOM OF THE 2ND |
|
New Hampshire Fisher Cats batting - Pitching for Northwest Arkansas Naturals : RHP Kevin Fleming
|
|
Batting: RHB Tokuji Kawabata
|
0-0: Ball 1-0: Ball 2-0: Called Strike 2-1: Ball 3-1: Base on Balls
|
|
Batting: LHB Kurt Estep
|
0-0: Ball 1-0: SINGLE (Line Drive, 56D, EV 99.4 MPH) Tokuji Kawabata to second
|
|
Batting: RHB Chris Martin
|
0-0: Ball 1-0: Ball 2-0: Called Strike 2-1: Swinging Strike 2-2: Foul Ball, location: 2F 2-2: Foul Ball, location: 2F 2-2: Ball 3-2: Base on Balls Tokuji Kawabata to third Kurt Estep to second
|
|
Pitching: RHP Justin Nipper
|
|
|
Batting: RHB Bobby Lasaguna
|
0-0: Ball 1-0: Ball 2-0: Ball 3-0: Called Strike 3-1: Foul Ball, location: 2F 3-2: Foul Ball, location: 2F 3-2: Strikes out swinging
|
|
Batting: RHB Selam Chimsima
|
0-0: Ball 1-0: Foul Ball, location: 2F 1-1: Called Strike 1-2: Ball 2-2: Strikes out swinging
|
|
Pinch Hitting: LHB Eddie Muniz
|
0-0: Ball 1-0: Foul Ball, location: 2F 1-1: Ground out U3 (Groundball, 3, EV 84.4 MPH)
|
| Bottom of the 2nd over - 0 runs, 1 hit, 0 errors, 3 left on base; Northwest Arkansas 0 - New Hampshire 0 |
| TOP OF THE 3RD |
|
Northwest Arkansas Naturals batting - Pitching for New Hampshire Fisher Cats : RHP Hanskarl Miller
|
|
Now in LF: Eddie Muniz
|
|
|
Batting: SHB Danny Ballenger
|
0-0: Foul Ball, location: 2F 0-1: Ball 1-1: Swinging Strike 1-2: Foul Ball, location: 2F 1-2: Ground out U3 (Groundball, 3, EV 101.9 MPH)
|
|
Batting: RHB Gabe Ochoa
|
0-0: Ground out 5-3 (Groundball, 56S, EV 85.0 MPH)
|
|
Batting: SHB Ryoji Hiraoka
|
0-0: Ball 1-0: Ball 2-0: Foul Ball, location: 2F 2-1: Foul Ball, location: 2F 2-2: Ball 3-2: Foul Ball, location: 2F 3-2: Foul Ball, location: 2F 3-2: Ground out 4-3 (Groundball, 4, EV 85.0 MPH)
|
| Top of the 3rd over - 0 runs, 0 hits, 0 errors, 0 left on base; Northwest Arkansas 0 - New Hampshire 0 |
| BOTTOM OF THE 3RD |
|
New Hampshire Fisher Cats batting - Pitching for Northwest Arkansas Naturals : RHP Justin Nipper
|
|
Batting: RHB Kai Stoyle
|
0-0: Ball 1-0: Foul Ball, location: 2F 1-1: Called Strike 1-2: Ball 2-2: Strikes out swinging
|
|
Batting: RHB Stephen Casteel
|
0-0: Ball 1-0: Ground out 5-3 (Groundball, 56S, EV 95.0 MPH)
|
|
Batting: RHB Bill Murray
|
0-0: Ball 1-0: Ball 2-0: Called Strike 2-1: Ball 3-1: Foul Ball, location: 2F 3-2: Foul Ball, location: 2F 3-2: Foul Ball, location: 2F 3-2: Base on Balls
|
|
Batting: RHB Tokuji Kawabata
|
0-0: Called Strike 0-1: Called Strike 0-2: Ball 1-2: Strikes out swinging
|
| Bottom of the 3rd over - 0 runs, 0 hits, 0 errors, 1 left on base; Northwest Arkansas 0 - New Hampshire 0 |
| TOP OF THE 4TH |
|
Northwest Arkansas Naturals batting - Pitching for New Hampshire Fisher Cats : RHP Hanskarl Miller
|
|
Batting: RHB Chad Sullivan
|
0-0: Foul Ball, location: 2F 0-1: Called Strike 0-2: Ball 1-2: Ball 2-2: SINGLE (Groundball, 6M, EV 98.8 MPH)
|
|
Batting: RHB Alex Cid
|
0-0: Ball 1-0: Called Strike Chad Sullivan is caught stealing 2nd base 2-4 1-1: SINGLE (Groundball, 4D, EV 95.0 MPH)
|
|
Batting: RHB Andy Urquhart
|
0-0: Foul Ball, location: 2F 0-1: Foul Ball, location: 2F 0-2: Ball 1-2: SINGLE (Groundball, 56D, EV 98.8 MPH) Alex Cid to second
|
|
Batting: RHB William Lung
|
0-0: Ball 1-0: Foul Ball, location: 2F 1-1: Swinging Strike 1-2: Ball 2-2: Fly out, F6 (Popup, 6, EV 77.5 MPH)
|
|
Batting: LHB Joe Cozart
|
0-0: Fly out, F8 (Flyball, 8RD, EV 81.2 MPH)
|
| Top of the 4th over - 0 runs, 3 hits, 0 errors, 2 left on base; Northwest Arkansas 0 - New Hampshire 0 |
| BOTTOM OF THE 4TH |
|
New Hampshire Fisher Cats batting - Pitching for Northwest Arkansas Naturals : RHP Justin Nipper
|
|
Batting: LHB Kurt Estep
|
0-0: Ball 1-0: Ball 2-0: Ball 3-0: Called Strike 3-1: Base on Balls
|
|
Pitching: RHP John Barnett
|
|
|
Batting: RHB Chris Martin
|
0-0: Ball 1-0: Ball 2-0: Ball 3-0: Called Strike 3-1: Base on Balls Kurt Estep to second
|
|
Batting: RHB Bobby Lasaguna
|
0-0: Ball 1-0: Called Strike 1-1: Foul Ball, location: 2F 1-2: Foul Ball, location: 2F 1-2: Strikes out swinging
|
|
Batting: RHB Selam Chimsima
|
0-0: Ball 1-0: Called Strike 1-1: Fly out, F2 (Popup, 3SF, EV 75.6 MPH)
|
|
Batting: LHB Eddie Muniz
|
0-0: Called Strike 0-1: Foul Ball, location: 2F 0-2: Strikes out looking
|
| Bottom of the 4th over - 0 runs, 0 hits, 0 errors, 2 left on base; Northwest Arkansas 0 - New Hampshire 0 |
| TOP OF THE 5TH |
|
Northwest Arkansas Naturals batting - Pitching for New Hampshire Fisher Cats : RHP Hanskarl Miller
|
|
Batting: RHB Eric Erickson
|
0-0: Ball 1-0: Ball 2-0: Foul Ball, location: 2F 2-1: Fly out, F4 (Popup, 4MD, EV 65.6 MPH)
|
|
Batting: SHB Danny Ballenger
|
0-0: Foul Ball, location: 2F 0-1: Ball 1-1: Foul Ball, location: 2F 1-2: Ball 2-2: Strikes out looking
|
|
Batting: RHB Gabe Ochoa
|
0-0: Called Strike 0-1: Ground out 6-3 (Groundball, 6, EV 83.1 MPH)
|
| Top of the 5th over - 0 runs, 0 hits, 0 errors, 0 left on base; Northwest Arkansas 0 - New Hampshire 0 |
| BOTTOM OF THE 5TH |
|
New Hampshire Fisher Cats batting - Pitching for Northwest Arkansas Naturals : RHP John Barnett
|
|
Batting: RHB Kai Stoyle
|
0-0: Ball 1-0: Called Strike 1-1: Swinging Strike 1-2: Foul Ball, location: 2F 1-2: Fly out, F9 (Flyball, 9D, EV 84.4 MPH)
|
|
Batting: RHB Stephen Casteel
|
0-0: Ball 1-0: SINGLE (Groundball, 6MD, EV 95.0 MPH)
|
|
Pitching: RHP Justin Potts
|
|
|
Batting: RHB Bill Murray
|
0-0: Ball Stephen Casteel is caught stealing 2nd base 2-4 1-0: SINGLE (Line Drive, 78S, EV 106.2 MPH)
|
|
Batting: RHB Tokuji Kawabata
|
0-0: Ball Bill Murray is caught stealing 2nd base 2-4
|
| Bottom of the 5th over - 0 runs, 2 hits, 0 errors, 0 left on base; Northwest Arkansas 0 - New Hampshire 0 |
| TOP OF THE 6TH |
|
Northwest Arkansas Naturals batting - Pitching for New Hampshire Fisher Cats : RHP Hanskarl Miller
|
|
Batting: SHB Ryoji Hiraoka
|
0-0: Called Strike 0-1: Ball 1-1: Ball 2-1: Called Strike 2-2: Ball 3-2: Ground out U3 (Groundball, 3, EV 105.0 MPH)
|
|
Batting: RHB Chad Sullivan
|
0-0: Ball 1-0: Fly out, F9 (Flyball, 9, EV 91.9 MPH)
|
|
Batting: RHB Alex Cid
|
0-0: Ball 1-0: Ball 2-0: Ball 3-0: Base on Balls
|
|
Batting: RHB Andy Urquhart
|
0-0: Called Strike 0-1: Ball 1-1: Ball 2-1: Swinging Strike 2-2: Fly out, F8 (Flyball, 8RM, EV 91.2 MPH)
|
| Top of the 6th over - 0 runs, 0 hits, 0 errors, 1 left on base; Northwest Arkansas 0 - New Hampshire 0 |
| BOTTOM OF THE 6TH |
|
New Hampshire Fisher Cats batting - Pitching for Northwest Arkansas Naturals : RHP Justin Potts
|
|
Batting: RHB Tokuji Kawabata
|
0-0: Ball 1-0: Foul Ball, location: 2F 1-1: Foul Ball, location: 2F 1-2: Ground out U3 (Groundball, 23, EV 86.9 MPH)
|
|
Batting: LHB Kurt Estep
|
0-0: Ball 1-0: Called Strike 1-1: Ball 2-1: Foul Ball, location: 2F 2-2: Ground out 4-3 (Groundball, 4S, EV 89.4 MPH)
|
|
Batting: RHB Chris Martin
|
0-0: Foul Ball, location: 2F 0-1: SINGLE (Line Drive, 78S, EV 104.4 MPH)
|
|
Batting: RHB Bobby Lasaguna
|
0-0: Called Strike 0-1: Swinging Strike 0-2: Ground out 4-3 (Groundball, 4, EV 81.9 MPH)
|
| Bottom of the 6th over - 0 runs, 1 hit, 0 errors, 1 left on base; Northwest Arkansas 0 - New Hampshire 0 |
| TOP OF THE 7TH |
|
Northwest Arkansas Naturals batting - Pitching for New Hampshire Fisher Cats : RHP Hanskarl Miller
|
|
Batting: RHB William Lung
|
0-0: Ball 1-0: Ball 2-0: Foul Ball, location: 2F 2-1: Ball 3-1: Hit by Pitch
|
|
Batting: LHB Joe Cozart
|
0-0: Ball 1-0: Fly out, F8 (Flyball, 8RS, EV 84.4 MPH)
|
|
Batting: RHB Eric Erickson
|
0-0: Ball 1-0: Ball 2-0: Called Strike 2-1: Ball 3-1: Base on Balls William Lung to second
|
|
Batting: SHB Danny Ballenger
|
0-0: Foul Ball, location: 2F 0-1: Foul Ball, location: 2F 0-2: Foul Ball, location: 2F 0-2: TRIPLE (Flyball, 89XD, EV 105.0 MPH) William Lung scores Eric Erickson scores
|
|
Pitching: RHP Andres de Leon
|
|
|
Batting: RHB Gabe Ochoa
|
0-0: Ball 1-0: Ball 2-0: Called Strike 2-1: Ball 3-1: Foul Ball, location: 2F 3-2: Strikes out swinging
|
|
Batting: SHB Ryoji Hiraoka
|
0-0: Reached on error, E4 (Groundball, 4, EV 86.9 MPH) Danny Ballenger scores
|
|
Batting: RHB Chad Sullivan
|
0-0: Ball 1-0: Foul Ball, location: 2F 1-1: Called Strike 1-2: Strikes out swinging
|
| Top of the 7th over - 3 runs, 1 hit, 1 error, 1 left on base; Northwest Arkansas 3 - New Hampshire 0 |
| BOTTOM OF THE 7TH |
|
New Hampshire Fisher Cats batting - Pitching for Northwest Arkansas Naturals : RHP Justin Potts
|
|
Pitching: LHP Keith Egan
|
|
|
Batting: RHB Selam Chimsima
|
0-0: Ball 1-0: Swinging Strike 1-1: Swinging Strike 1-2: Foul Ball, location: 2F 1-2: Foul Ball, location: 2F 1-2: Strikes out swinging
|
|
Pinch Hitting: RHB Justin Powell
|
0-0: Ball 1-0: Ground out 5-3 (Groundball, 56S, EV 81.2 MPH)
|
|
Batting: RHB Kai Stoyle
|
0-0: Ball 1-0: Reached via error on a dropped throw from P, E3 (Groundball, 15S, EV 63.1 MPH)
|
|
Batting: RHB Stephen Casteel
|
0-0: SINGLE (Groundball, 6M, EV 84.4 MPH) (infield hit) Kai Stoyle to second
|
|
Batting: RHB Bill Murray
|
0-0: Ball 1-0: Foul Ball, location: 2F 1-1: Ball 2-1: Fly out, F8 (Flyball, 8LD, EV 80.6 MPH)
|
| Bottom of the 7th over - 0 runs, 1 hit, 1 error, 2 left on base; Northwest Arkansas 3 - New Hampshire 0 |
| TOP OF THE 8TH |
|
Northwest Arkansas Naturals batting - Pitching for New Hampshire Fisher Cats : RHP Andres de Leon
|
|
Now in LF: Bill Murray
|
|
|
Now in CF: Justin Powell
|
|
|
Batting: RHB Alex Cid
|
0-0: Swinging Strike 0-1: TRIPLE (Flyball, 78XD, EV 100.6 MPH)
|
|
Batting: RHB Andy Urquhart
|
0-0: Ball 1-0: Swinging Strike Passed Ball! Alex Cid scores 1-1: Foul Ball, location: 2F 1-2: Ball 2-2: Strikes out swinging
|
|
Batting: RHB William Lung
|
0-0: Called Strike 0-1: Ball 1-1: Reached on error, E4 (Groundball, 34, EV 87.5 MPH)
|
|
Batting: LHB Joe Cozart
|
0-0: Called Strike 0-1: Ball 1-1: Foul Ball, location: 2F 1-2: Ball 2-2: Strikes out swinging
|
|
Batting: RHB Eric Erickson
|
0-0: Called Strike 0-1: Ball 1-1: Called Strike 1-2: Fly out, F8 (Flyball, 8RD, EV 96.2 MPH)
|
| Top of the 8th over - 1 run, 1 hit, 1 error, 1 left on base; Northwest Arkansas 4 - New Hampshire 0 |
| BOTTOM OF THE 8TH |
|
New Hampshire Fisher Cats batting - Pitching for Northwest Arkansas Naturals : LHP Keith Egan
|
|
Pitching: RHP Matthew Orphan
|
|
|
Batting: RHB Tokuji Kawabata
|
0-0: Called Strike 0-1: Ball 1-1: Swinging Strike 1-2: Foul Ball, location: 2F 1-2: Strikes out swinging
|
|
Batting: LHB Kurt Estep
|
0-0: SINGLE (Line Drive, 6MD, EV 103.1 MPH)
|
|
Batting: RHB Chris Martin
|
0-0: Swinging Strike 0-1: Ball 1-1: Ball 2-1: Called Strike 2-2: Foul Ball, location: 2F 2-2: 2-RUN HOME RUN (Line Drive, 7LD, EV 99.4 MPH), Distance : 349 ft
|
|
Batting: RHB Bobby Lasaguna
|
0-0: Ball 1-0: Ball 2-0: Ball 3-0: Called Strike 3-1: Ground out 4-3 (Groundball, 34, EV 80.6 MPH)
|
|
Batting: RHB Selam Chimsima
|
0-0: DOUBLE (Line Drive, 5D, EV 94.4 MPH)
|
|
Pitching: RHP Brian Straub
|
|
|
Batting: RHB Justin Powell
|
0-0: Called Strike 0-1: Ball 1-1: Ball 2-1: Foul Ball, location: 2F 2-2: Ball 3-2: Foul Ball, location: 2F 3-2: Ground out U3 (Groundball, 3S, EV 87.5 MPH)
|
| Bottom of the 8th over - 2 runs, 3 hits, 0 errors, 1 left on base; Northwest Arkansas 4 - New Hampshire 2 |
| TOP OF THE 9TH |
|
Northwest Arkansas Naturals batting - Pitching for New Hampshire Fisher Cats : RHP Andres de Leon
|
|
Pitching: RHP Scott Olson
|
|
|
Batting: SHB Danny Ballenger
|
0-0: Foul Ball, location: 2F 0-1: Called Strike 0-2: Strikes out swinging
|
|
Batting: RHB Gabe Ochoa
|
0-0: Swinging Strike 0-1: Ball 1-1: Foul Ball, location: 2F 1-2: Strikes out swinging
|
|
Batting: SHB Ryoji Hiraoka
|
0-0: Foul Ball, location: 2F 0-1: Ball 1-1: Swinging Strike 1-2: Foul Ball, location: 2F 1-2: Strikes out swinging
|
| Top of the 9th over - 0 runs, 0 hits, 0 errors, 0 left on base; Northwest Arkansas 4 - New Hampshire 2 |
| BOTTOM OF THE 9TH |
|
New Hampshire Fisher Cats batting - Pitching for Northwest Arkansas Naturals : RHP Brian Straub
|
|
Batting: RHB Kai Stoyle
|
0-0: Foul Ball, location: 2F 0-1: Ball 1-1: Ball 2-1: Foul Ball, location: 2F 2-2: Foul Ball, location: 2F 2-2: Fly out, F5 (Line Drive, 5, EV 75.6 MPH)
|
|
Pinch Hitting: SHB Tristan Dearing
|
0-0: Called Strike 0-1: Ball 1-1: Swinging Strike 1-2: Ball 2-2: SINGLE (Line Drive, 6D, EV 94.4 MPH)
|
|
Pitching: RHP Junsuke Abe
|
|
|
Batting: RHB Bill Murray
|
0-0: Called Strike 0-1: Foul Ball, location: 2F 0-2: Foul Ball, location: 2F 0-2: Ball 1-2: Ball 2-2: Fly out, F7 (Flyball, 7LS, EV 83.1 MPH)
|
|
Batting: RHB Tokuji Kawabata
|
0-0: Ball 1-0: Ball 2-0: Swinging Strike 2-1: Ball 3-1: Fly out, F8 (Flyball, 8RD, EV 91.9 MPH)
|
| Bottom of the 9th over - 0 runs, 1 hit, 0 errors, 1 left on base; Northwest Arkansas 4 - New Hampshire 2 |
|